 Dungeon Sprint DCSS version 0.28-a0-97-g102d6777a4 (webtiles) character file.

Game seed: 3204511386137810038

1033 MikeHunt the Fighter (level 8, -9/82 HPs)
             Began as a Black Draconian Monk on Aug 10, 2021.
             Was an Initiate of Gozag.
             Succumbed to a death drake's dark miasma
             ... in the Dungeon (Sprint II: "The Violet Keep of Menkaure").
             The game lasted 00:04:49 (1114 turns).

MikeHunt the Fighter (Black Draconian Monk)         Turns: 1114, Time: 00:04:50

Health: -9/82      AC: 11    Str: 13 (14) XL:     8   Next: 3%
Magic:  8/8        EV: 19    Int: 10      God:    Gozag
Gold:   441        SH:  0    Dex: 20      Spells: 7/7 levels left

rFire   . . .      SeeInvis .     - Unarmed
rCold   . . .      Faith    .   (no shield)
rNeg    . . .      Spirit   .   (armour unavailable)
rPois   +          Reflect  .   (helmet restricted)
rElec   +          Harm     .   (no cloak)
rCorr   .          Rampage  .   e - +0 pair of gloves "Ircherexo" {rPois Dex+4 Stlth+}
Will    .....      NoTele   +   (no boots)
Stlth   +++.......              (no amulet)
HPRegen 0.23/turn               g - +4 ring of protection
MPRegen 0.11/turn               (no ring)

@: lethally poisoned (-9 -> -47), slowed, very slow
A: breathe lightning, AC +6, unfitting armour, electricity resistance,
cold-blooded, deterioration 1
a: Breathe Lightning, Renounce Religion, Potion Petition, Call Merchant, Bribe
Branch


You were in the Dungeon.
You worshipped Gozag.
Gozag was aware of your devotion.
You visited 1 branch You collected 989 gold pieces.
You spent 548 gold pieces at shops.

Inventory:

Armour
 e - the +0 pair of gloves "Ircherexo" (worn) {rPois Dex+4 Stlth+}
   (You bought it in a shop in the Dungeon)

   Dex:       It affects your dexterity (+4).
   rPois:     It protects you from poison.
   Stlth:     It makes you more stealthy.
Jewellery
 g - a +4 ring of protection (left hand)
Scrolls
 f - a scroll of blinking
Potions
 c - a potion of haste
 d - 2 potions of magic


   Skills:
 + Level 11.4 Fighting
 + Level 9.7 Dodging
 - Level 1.7 Stealth
 + Level 10.6 Unarmed Combat


You had 7 spell levels left.
You didn't know any spells.
Your spell library was empty.

Dungeon Overview and Level Annotations

Branches:
Dungeon (1/1)

Altars:
Cheibriados
Dithmenos
Elyvilon
Fedhas
Gozag
Hepliaklqana
Kikubaaqudgha
Makhleb
Nemelex Xobeh
Okawaru
Qazlal
Ru
Sif Muna
Trog
Uskayaw
Vehumet
Wu Jian
Xom
Yredelemnul
Zin
The Shining One
Beogh
Jiyva
Lugonu

Shops:
D [[:=[=(!:!=?===

Annotations:
D exclusion: oklob plant, Roxanne


Innate Abilities, Weirdness & Mutations

You can breathe wild blasts of lightning.
Your glossy black scales are hard. (AC +6)
You cannot fit into any form of body armour.
You are resistant to electric shocks. (rElec)
You are cold-blooded and may be slowed by cold attacks.
Your body sometimes deteriorates upon taking damage.


Message History

The death drake breathes miasma at you. The foul vapour misses you.
You hit the death drake but do no damage.
You tail-slap the death drake.
The death drake is moderately wounded.
You are engulfed in dark miasma.
You are poisoned.
You feel as though you will be slow longer.
* * * LOW HITPOINT WARNING * * *
x2 You feel very sick.
The death drake barely misses you.
The death drake bites you but does no damage.
You hit the death drake but do no damage.
The death drake is moderately wounded.
You feel very sick. The death drake closely misses you.
You feel much better.
You feel very sick. The death drake misses you.
The death drake breathes miasma at you. The foul vapour engulfs you!
* * * LOW HITPOINT WARNING * * *
You hit the death drake but do no damage.
You tail-slap the death drake, but do no damage.
The death drake is moderately wounded.
You are engulfed in dark miasma.
You feel as though you will be slow longer.
You feel sick. The death drake bites you.
* * * LOW HITPOINT WARNING * * *
The death drake bites you but does no damage.
You punch the death drake!
The death drake is heavily wounded.
You are engulfed in dark miasma.
You are lethally poisoned!
You feel as though you will be slow longer.
* * * LOW HITPOINT WARNING * * *
Your body deteriorates!
You feel weakened.
You have got your breath back.
You die...
Your body crumbles into a pile of gold. ≈##§§§.≈§§ ###≈≈#'''#§§'## ##≈≈≈§≈. §§.≈#$ ^. .# .#≈≈≈§.##+ #..# $ #. k $ ∩#≈≈≈≈##.# #.####$ ^##k $$$ .#≈≈≈≈#..## #....# $ ^..# $ ∩#≈≈####..# ###.°## #°^# c# $ .#≈##.###+###.##°°# $+°.# y# $$$ .#≈#.#.##.##...#@°# #°.# h# [[)$

.'≈+.##'.<.+†##+°k####°.##.#▓?$[$
.#≈#..###.##†..#°°°.###.^.##▓▓▓▓
##≈##.###'###.##..§...≈≈≈≈≈≈≈≈≈≈≈
##≈≈####...####≈≈§§...≈#'########
##≈≈≈#..#).#≈≈≈≈§§≈..≈#.._.....#
#'#≈##...##≈≈§§≈≈≈≈.§#._._....#
#.#≈≈##+##≈≈≈§≈≈≈≈≈≈≈#_._._...#
####≈°≈○≈≈≈≈≈§≈≈≈≈≈≈≈#._._._..#


You could see a death drake (catching breath).

Vanquished Creatures
  A blink frog (D)
  3 neqoxecs (D)
  A water moccasin (D)
  4 necrophages (D)
  2 worms (D)
11 creatures vanquished.

Vanquished Creatures (others)
  A merfolk siren (D)
  A neqoxec (D)
  Menkaure (D)
  A water moccasin (D)
4 creatures vanquished.

Grand Total: 15 creatures vanquished

Notes
Turn   | Place    | Note
-------+----------+-------------------------------------------
     0 | D        | MikeHunt the Draconian Monk began the quest for the Orb.
     0 | D        | Reached XP level 1. HP: 19/19 MP: 1/1
     1 | D        | Noticed a neqoxec
     5 | D        | Noticed a neqoxec
     7 | D        | Gained mutation: Your body sometimes deteriorates upon
                  | taking damage. [a neqoxec]
    16 | D        | Killed a neqoxec
    17 | D        | Reached skill level 7 in Fighting
    17 | D        | Reached skill level 5 in Dodging
    17 | D        | Reached XP level 2. HP: 14/34 MP: 2/2
    17 | D        | Reached XP level 3. HP: 16/39 MP: 3/3
    17 | D        | Reached XP level 4. HP: 20/47 MP: 4/4
    24 | D        | Killed a neqoxec
    25 | D        | Reached skill level 8 in Fighting
    25 | D        | Reached XP level 5. HP: 13/56 MP: 5/5
    25 | D        | Reached XP level 6. HP: 14/62 MP: 6/6
    29 | D        | Killed a water moccasin
    38 | D        | Killed Menkaure
    83 | D        | Noticed a neqoxec
   278 | D        | Found Depseq's Jewellery Shop.
   278 | D        | Found Sijeurept's Jewellery Shop.
   278 | D        | Found Toymafukh's Book Boutique.
   278 | D        | Found Wirhiaw's Jewellery Shop.
   278 | D        | Found Vyfrefu's Distillery.
   278 | D        | Found Otue's Magic Scroll Boutique.
   280 | D        | Found Lythruhe's Distillery.
   280 | D        | Found Wouxet's Antique Weapon Shop.
   280 | D        | Found Xonioc's Jewellery Boutique.
   281 | D        | Found Korenwas's Jewellery Shop.
   281 | D        | Found Lafur's Antique Armour Boutique.
   281 | D        | Noticed a water moccasin
   281 | D        | Noticed a blink frog
   295 | D        | Killed a water moccasin
   296 | D        | Reached skill level 9 in Fighting
   322 | D        | Killed a neqoxec
   334 | D        | Noticed a neqoxec
   354 | D        | Killed a neqoxec
   355 | D        | Reached skill level 10 in Fighting
   603 | D        | Found Vuxilo's Jewellery Shop.
   603 | D        | Noticed an oklob plant
   604 | D        | Found Hehibe's Armour Shop.
   604 | D        | Found Xuaniag's Antique Armour Boutique.
   604 | D        | Found Zotiger's Book Shoppe.
   610 | D        | Noticed a yak
   610 | D        | Noticed a yak
   611 | D        | Noticed a yak
   625 | D        | Killed a blink frog
   626 | D        | Your scales start taking on a glossy black colour.
   626 | D        | Reached XP level 7. HP: 16/73 MP: 7/7
   626 | D        | Gained mutation: You are resistant to electric shocks.
                  | (rElec) [Black Draconian growth]
   672 | D        | Killed a merfolk siren
   930 | D        | Noticed an obsidian statue
   947 | D        | Reached skill level 11 in Fighting
   947 | D        | Reached skill level 10 in Unarmed Combat
   965 | D        | Reached XP level 8. HP: 61/82 MP: 8/8
   998 | D        | Bought a pair of warped gloves for 152 gold pieces
   998 | D        | Identified the +0 pair of gloves "Ircherexo" {rPois Dex+4
                  | Stlth+} (You bought it in a shop in the Dungeon)
  1013 | D        | Bought a +4 ring of protection for 396 gold pieces
  1041 | D        | Noticed Roxanne
  1047 | D        | Found a stormy altar of Qazlal.
  1048 | D        | Found a hazy altar of Hepliaklqana.
  1048 | D        | Found a sacrificial altar of Ru.
  1048 | D        | Found an ornate altar of the Wu Jian Council.
  1053 | D        | Found a viscous altar of Jiyva.
  1053 | D        | Found a shimmering blue altar of Sif Muna.
  1054 | D        | Found a snail-covered altar of Cheibriados.
  1054 | D        | Found an ancient bone altar of Kikubaaqudgha.
  1054 | D        | Found a shimmering altar of Xom.
  1054 | D        | Found a bloodstained altar of Trog.
  1055 | D        | Found a shadowy altar of Dithmenos.
  1055 | D        | Found a corrupted altar of Lugonu.
  1056 | D        | Found a white marble altar of Elyvilon.
  1056 | D        | Found a burning altar of Makhleb.
  1056 | D        | Found a glowing golden altar of the Shining One.
  1056 | D        | Found a basalt altar of Yredelemnul.
  1056 | D        | Found a hide-covered altar of Uskayaw.
  1057 | D        | Found a blossoming altar of Fedhas.
  1059 | D        | Found an opulent altar of Gozag.
  1059 | D        | Found a sparkling altar of Nemelex Xobeh.
  1059 | D        | Noticed a hornet
  1059 | D        | Noticed a polar bear
  1060 | D        | Found a glowing silver altar of Zin.
  1060 | D        | Found a radiant altar of Vehumet.
  1060 | D        | Found an iron altar of Okawaru.
  1060 | D        | Noticed a yaktaur
  1072 | D        | Noticed a flying skull
  1072 | D        | Noticed a flying skull
  1073 | D        | Became a worshipper of Gozag Ym Sagoz the Greedy
  1088 | D        | Noticed a death drake
  1114 | D        | HP: 1/82 [death drake] (10)]
  1114 | D        | Succumbed to a death drake's dark miasma

Illustrated notes

Levels and vault maps discovered:
D:        the_violet_keep_of_menkaure [sprint2_stairs_cluster_1,
          sprint2_shoproom, sprint2_temple, sprint2_basic_supplies,
          sprint2_obstacle_3, sprint2_obstacle_2, sprint2_obstacle_6,
          sprint2_obstacle_5, sprint2_obstacle_1, sprint2_timed_cluster_1,
          sprint2_smallroom_cluster_1, sprint2_smallroom_final_cluster_1,
          sprint2_transparent_cluster_1, sprint2_second_timed_cluster_1,
          sprint2_sniper_area_1, sprint2_heavy_combat_area_1,
          sprint2_mutation_trap_area_1, sprint2_forest_area_1,
          sprint2_light_combat_area_1, sprint2_behind_water_1,
          sprint2_near_end_vault_1]

Skill      XL: |  1  2  3  4  5  6  7 |
---------------+----------------------+-----
Fighting       | 7 8 10 11 | 11.4
Dodging        | 5 7 9 |  9.7
Unarmed Combat | 6 7 9 10 | 10.6
Stealth        | |  1.7

Action                   |  1- 3 |  4- 6 |  7- 9 || total
-------------------------+-------+-------+-------++-------
Melee: Unarmed           |    13 |    57 |    34 ||   104
       Tailslap          |       |     6 |     7 ||    13
       Punch             |       |     1 |     2 ||     3
 Abil: Breathe Lightning |       |       |     1 ||     1
  Use: Potion            |     1 |       |     2 ||     3
Armor: Skin              |     1 |     6 |     8 ||    15
Dodge: Dodged            |     3 |    35 |    19 ||    57

Table legend: (Time is in decaauts)
 A = Elapsed time spent in this place.
 B = Non-inter-level travel time spent in this place.
 C = Inter-level travel time spent in this place.
 D = Time resting spent in this place.
 E = Time spent auto-exploring this place.
 F = Levels seen in this place.
 G = Mean time per level.
                   A        B        C        D        E       F      G
               +--------+--------+--------+--------+--------+-----+--------+
         Total |   1122 |   1122 |      0 |    789 |      0 |   1 | 1122.0 |
       Dungeon |   1122 |   1122 |      0 |    789 |      0 |   1 | 1122.0 |
               +--------+--------+--------+--------+--------+-----+--------+

Top non-repeatable levels by time:
       D: 1122 daAuts
